AoeStats
← AiM | Facu1414

Oasis

508756667Analyzed
4v4 RM · 8d ago on Sep 23, 2026· 28m 57s· 8 players
Game mode
Random Map
Map size
Large (8 player)
Population
200
Speed
Normal
Resources
Standard
Victory
Conquest
Starting age
Dark Age
Ending age
Imperial Age
RankedLock teamsTeams togetherTeam positionsShared explorationLock speedFull tech treeHidden civsTurbo modeCheats
Victory
Defeat
🇨🇱 Ethiopians · Chile
1647
+9
🇦🇷 Persians · Argentina
1556
+13
🇦🇷 Khitans · Argentina
1539
+13
🇨🇱 Maya · Chile
1402
+19
🇦🇷 Hindustanis · Argentina
1508
-15
🇺🇾 Saracens · Uruguay
1499
-14
🇦🇷 Saxons · Argentina
1497
-14
🇦🇷 Ethiopians · Argentina
1427
-11
le ignacio
6:54 Loom
9:08 Feudal Age
17:30 Horse Collar
18:58 Fletching
19:37 Double-Bit Axe
20:36 Padded Archer Armor
27:27 Castle Age
27:54 Crossbowman
28:50 Bodkin Arrow
El Kb
8:25 Feudal Age
9:04 Double-Bit Axe
10:17 Horse Collar
15:52 Scale Barding Armor
16:59 Bloodlines
18:25 Forging
21:43 Wheelbarrow
25:46 Castle Age
25:13 Loom
25:52 Light Cavalry
27:00 Chain Barding Armor
Nanobot
6:12 Loom
8:56 Feudal Age
9:51 Double-Bit Axe
14:42 Scale Barding Armor
16:48 Bloodlines
18:22 Forging
20:24 Wheelbarrow
23:54 Castle Age
22:20 Horse Collar
23:57 Light Cavalry
24:38 Husbandry
25:01 Chain Barding Armor
[GGnT] Nanito_Uy
6:55 Loom
9:45 Feudal Age
14:50 Fletching
15:36 Padded Archer Armor
22:11 Double-Bit Axe
28:04 Castle Age
AIM | Agua cate 98
5:51 Loom
9:27 Feudal Age
11:00 Double-Bit Axe
13:17 Forging
15:18 Scale Barding Armor
16:55 Domestication
18:21 Wheelbarrow
22:56 Castle Age
22:26 Gold Mining
24:44 Iron Casting
AiM | EleuieseKa
6:40 Loom
9:04 Feudal Age
9:53 Town Watch
10:11 Double-Bit Axe
13:18 Fletching
14:35 Padded Archer Armor
18:46 Wheelbarrow
23:27 Castle Age
21:58 Gold Mining
23:30 Crossbowman
24:06 Bodkin Arrow
28:54 Ballistics
AiM | Facu1414
6:41 Loom
9:00 Feudal Age
9:24 Double-Bit Axe
14:42 Forging
15:30 Scale Barding Armor
17:05 Bloodlines
18:58 Horse Collar
27:22 Castle Age
26:34 Gold Mining
27:44 Wheelbarrow
28:11 Chain Barding Armor
28:26 Iron Casting
27:24 Light Cavalry
28:30 Husbandry
AiM | Shuffle
0:25 Loom
8:53 Feudal Age
11:12 Fletching
22:23 Castle Age
20:58 Horse Collar
21:09 Gold Mining
21:41 Padded Archer Armor
22:26 Crossbowman
23:17 Forging
23:02 Bodkin Arrow
23:36 Double-Bit Axe
25:08 Ballistics
25:06 Bow Saw
27:08 Wheelbarrow
27:43 Thumb Ring
Connection lost

Rejoining the realm…

Still unreachable

The connection could not be restored.

Session expired

The server has moved on; the page needs a fresh start.